cohdb
Replays
Latest Replays
All Replays
Popular Replays
Top Player Replays
Match Explorer
How It Works
Community
CoH3 Stats
Reddit
Sign in to upload your games and track your stats! →
Sign in with Steam
Match 43801664
Unlisted
Match 43801664
Overview
Messages
Build Orders
End
Vickers Machine Gun Team
Construct Section Command Post
Infantry Section
ML 3-inch Mortar Team
Infantry Section
Construct Platoon Command Post
Selects Air and Sea Battlegroup
Selects Commando Section Paradrop
Commando Section Paradrop
Commando Section Paradrop
HeroSandwich
VewDew
Chunchill1007
董
Dog
荒喃
Halokoo
São Leopoldo
0
0
Comments
sign in to comment!
No comments posted yet!